 Dungeon Crawl Stone Soup version 0.29-a0-1052-g6990b1bffc (webtiles) character file.

Game seed: 3700727209519508912

30944 leavemydog the Thaumaturge (level 13, -12/68 HPs)
             Began as a Deep Elf Conjurer on Aug 17, 2022.
             Was an Elder of Vehumet.
             Mangled by a boulder beetle (36 damage)
             ... on level 14 of the Dungeon.
             The game lasted 00:42:25 (18311 turns).

leavemydog the Thaumaturge (Deep Elf Conjurer)     Turns: 18311, Time: 00:42:27

Health: -12/68     AC: 12    Str:  3    XL:     13   Next: 23%
Magic:  11/38      EV: 15    Int: 32    God:    Vehumet [****..]
Gold:   273        SH:  0    Dex: 17    Spells: 14/39 levels left

rFire   + . .      SeeInvis .   M - staff of earth
rCold   . . .      Faith    .   (no shield)
rNeg    . . .      Spirit   .   F - +0 steam dragon scales
rPois   .          Reflect  .   v - +0 helmet
rElec   +          Harm     .   L - +2 cloak
rCorr   +          Rampage  .   (no gloves)
Will    +....                   m - +2 pair of boots
Stlth   +++.......              D - amulet of magic regeneration
HPRegen 0.21/turn               q - ring of protection from fire
MPRegen 0.66/turn               c - ring of Hiheohou {rElec rCorr MP+9 Int+4 Stlth+}

@: no status effects
A: agile 1, frail 1, low MP 1
a: Renounce Religion


You were on level 14 of the Dungeon.
You worshipped Vehumet.
Vehumet was greatly pleased with you.
You visited 2 branches of the dungeon, and saw 15 of its levels.
You also visited: Bailey.

You collected 1012 gold pieces.
You spent 739 gold pieces at shops.

Inventory:

Hand Weapons
 w - a +2 short sword of venom
Armour
 m - a +2 pair of boots (worn)
 v - a +0 helmet (worn)
 F - +0 steam dragon scales (worn)
 L - a +2 cloak (worn)
Magical Staves
 M - a staff of earth (weapon)
 N - a staff of poison
Jewellery
 a - an amulet of the acrobat
 c - the ring of Hiheohou (right hand) {rElec rCorr MP+9 Int+4 Stlth+}
   (You acquired it on level 5 of the Dungeon)

   [ring of resist corrosion]

   Int:       It affects your intelligence (+4).
   rElec:     It insulates you from electricity.
   MP:        It affects your magic capacity (+9).
   rCorr:     It protects you from acid and corrosion.
   Stlth:     It makes you more stealthy.
 l - a ring of fire
 q - a ring of protection from fire (left hand)
 D - an amulet of magic regeneration (around neck)
Wands
 k - a wand of quicksilver (4)
 s - a wand of charming (3)
 y - a wand of polymorph (12)
 C - a wand of flame (32)
 J - a wand of digging (5)
 K - a wand of mindburst (15)
 O - a wand of roots (9)
Scrolls
 e - 6 scrolls of amnesia
 g - 5 scrolls of fog
 h - 2 scrolls of poison
 i - 3 scrolls of noise
 p - 12 scrolls of teleportation
 t - 5 scrolls of vulnerability
 u - 3 scrolls of magic mapping
 x - 2 scrolls of summoning {unknown}
 E - 2 scrolls of enchant weapon {unknown}
 G - a scroll of torment {unknown}
 I - 6 scrolls of blinking
 Q - 3 scrolls of immolation
Potions
 b - 4 potions of magic
 d - 2 potions of might
 f - 8 potions of heal wounds
 j - 8 potions of curing
 o - 2 potions of haste
 r - 2 potions of attraction
 z - 4 potions of brilliance
 A - 5 potions of berserk rage
 B - 2 potions of lignification {unknown}
 P - 2 potions of ambrosia {unknown}
 R - a potion of cancellation {unknown}
Miscellaneous
 H - a phial of floods


   Skills:
 * Level 6.7 Fighting
 - Level 6.2 Dodging
 - Level 2.4 Stealth
 - Level 13.8 Spellcasting
 - Level 13.0 Conjurations
 - Level 7.0 Hexes
 - Level 7.7 Translocations
 * Level 4.3 Fire Magic
 - Level 11.3 Earth Magic


You had 14 spell levels left.
You knew the following spells:

 Your Spells              Type           Power      Damage    Failure   Level
a - Magic Dart            Conj           100%       1d8       0%          1
b - Searing Ray           Conj           100%       2d8       0%          2
c - Iskenderun's Mystic   Conj/Tloc      73%        2d15      1%          4
d - Fulminant Prism       Conj/Hex       36%        3d18      1%          4
e - Iron Shot             Conj/Erth      49%        9d9       1%          6
f - Dazzling Flash        Conj/Hex       100%       N/A       1%          3
g - Fireball              Conj/Fire      33%        3d14      1%          5

Your spell library contained the following spells:

 Spells                   Type           Power      Damage    Failure   Level
 Necrotise                Necr           88%        1d8       1%          1
 Blink                    Tloc           100%       N/A       1%          2
 Poisonous Vapours        Pois/Air       44%        N/A       1%          2
 Conjure Flame            Conj/Fire      67%        6-21      1%          3
 Ignite Poison            Fire/Tmut/Pois 31%        N/A       1%          3
 Tukima's Dance           Hex            61%        N/A       1%          3
 Animate Armour           Summ/Erth      100%       N/A       1%          4
 Passage of Golubria      Tloc           64%        N/A       1%          4
 Sticky Flame             Conj/Fire      67%        2d8       1%          4
 Manifold Assault         Tloc           64%        N/A       2%          5
 Sublimation of Blood     Necr           22%        N/A       3%          2
 Wereblood                Tmut           22%        N/A       3%          2
 Yara's Violent Unravell  Hex/Tmut       22%        3d10      4%          5
 Vampiric Draining        Necr           22%        2d7       6%          3
 Corpse Rot               Necr/Pois/Air  22%        N/A       21%         4
 Agony                    Necr           22%        N/A       50%         5
 Blade Hands              Tmut           11%        N/A       50%         5
 Shatter                  Erth           48%        3d37*     99%         9
 Storm Form               Tmut/Air       11%        N/A       100%        7
 Summon Hydra             Summ           11%        N/A       100%        7
 Chain Lightning          Conj/Air       29%        3d39      100%        9
 Fire Storm               Conj/Fire      33%        8d9       100%        9


Dungeon Overview and Level Annotations

Branches:
Dungeon (14/15)            Temple (1/1) D:4            Lair (0/5) D:11
    Orc (0/2) D:11         Vaults (0/5) D:13         Bailey (visited)

Altars:
Ashenzari
Cheibriados
Dithmenos
Elyvilon
Fedhas
Gozag
Hepliaklqana
Kikubaaqudgha
Makhleb
Nemelex Xobeh
Okawaru
Qazlal
Ru
Sif Muna
Trog
Uskayaw
Vehumet
Wu Jian
Xom
Yredelemnul
Zin
The Shining One

Shops:
D:6 !!   D:10 =   D:11 ?   D:12 ?

Annotations:
D:9 3 runed translucent doors, vurker's ghost, novice MiAr
D:10 6 transporters, 3 runed translucent doors, Zappman123's ghost, journeyman FoHW


Innate Abilities, Weirdness & Mutations

You are agile. (Dex +4, Str/Int -1)
You are frail. (-10% HP)
Your magical capacity is low. (-10% MP)


Message History

Aim: a centaur, wielding a +0 shortbow (sparse dust, 87% to hit)
You feel a surge of power!
The iron shot hits the centaur!!!
You kill the centaur!
Vehumet accepts your kill.
A boulder beetle comes into view.
The boulder beetle leaps!
Casting: Iron Shot (dangerous; 1% risk of failure)
Confirm with . or Enter, or press ? or * to list all spells.
You erupt in a blast of force!
The mystic blast hits the boulder beetle.
The boulder beetle is lightly wounded.
The boulder beetle is knocked back by the mystic blast.
A cyclops comes into view.
The boulder beetle leaps!
The boulder beetle curls into a ball and begins rolling!
Casting: Iskenderun's Mystic Blast (safe; 1% risk of failure)
Confirm with . or Enter, or press ? or * to list all spells.
Aiming: Iron Shot (dangerous; 1% risk of failure)
Press: ? - help, Shift-Dir - straight line, f - boulder beetle
Aim: a boulder beetle (rolling, 100% to hit)
You feel a surge of power!
The iron shot hits the boulder beetle!!!
The boulder beetle is heavily wounded.
The boulder beetle hits you!!
The boulder beetle stops rolling and uncurls.
Casting: Iron Shot (dangerous; 1% risk of failure)
Confirm with . or Enter, or press ? or * to list all spells.
You erupt in a blast of force!
The mystic blast hits the boulder beetle.
The boulder beetle is heavily wounded.
The boulder beetle is knocked back by the mystic blast.
The boulder beetle curls into a ball and begins rolling!
Casting: Iskenderun's Mystic Blast (safe; 1% risk of failure)
Confirm with . or Enter, or press ? or * to list all spells.
You erupt in a blast of force!
The mystic blast hits the boulder beetle.
The boulder beetle is heavily wounded.
The boulder beetle hits you!!!
Ouch! That really hurt!
You die...

#.....#..#..........# c
#.....#..#..........#
.c####..'..#..........#
.....#..#..###........#
.....)..#....#........#
.....'..+....##°......#
######C.+.....#.°.....#
...#.....#.B..####
#...#.....#.@..#
....+...#.....#....#
....#...# #....#
....#...# #....#
........## #....#
....###..# #...##
....#{#..# +...#
....###..# #...#
....)....######...#


You could see a boulder beetle (rolling).

Vanquished Creatures
  Rupert (D:13)
  Josephine (D:10)
  3 hydras
  2 boulder beetles
  2 centaur warriors (D:14)
  A two-headed ogre (D:12)
  Pikel (D:7)
  A deep elf pyromancer (Bailey)
  2 orc knights
  2 cyclopes (D:12)
  2 ugly things
  Maurice (D:10)
  3 manticores
  3 gargoyles
  2 unseen horrors
  An efreet (D:13)
  A hornet (D:9)
  6 trolls
  Grinder (D:3)
  8 slime creatures (D:13)
  A shadow (D:11)
  3 wraiths (D:10)
  A vampire (D:10)
  23 yaks
  16 humans (D:13)
  11 vampire mosquitoes
  A steam dragon (D:8)
  Edmund (D:5)
  A water moccasin (D:8)
  2 acid dragons (D:11)
  Duvessa (D:7)
  13 orc warriors
  2 sky beasts (D:6)
  3 black bears (D:6)
  2 ogres (D:11)
  4 wolves (D:11)
  8 centaurs
  4 lemures (D:7)
  A phantom (D:5)
  2 kobold brigands
  5 gnoll sergeants
  3 bullfrogs
  A necrophage (D:7)
  7 scorpions
  8 wights (D:6)
  Dowan (D:7)
  6 killer bees (D:9)
  8 howler monkeys
  3 electric eels (D:11)
  A crimson imp (D:6)
  5 hounds
  7 orc priests
  5 iguanas
  9 orc wizards
  14 gnolls
  12 adders
  A white imp (D:6)
  2 ufetubi
  5 worms
  2 dart slugs
  52 orcs
  6 bats
  7 endoplasms
  8 giant cockroaches
  11 goblins
  7 hobgoblins
  5 jackals
  13 kobolds
  2 quokkas
  6 ball pythons
  3 frilled lizards
  A rat (D:3)
370 creatures vanquished.

Vanquished Creatures (others)
  A centaur (D:8)
  An orc wizard (D:8)
  2 orcs (D:8)
  35 fulminant prisms
  6 fungi (D:8)
  8 plants
53 creatures vanquished.

Grand Total: 423 creatures vanquished

Notes
Turn   | Place    | Note
-------+----------+-------------------------------------------
     0 | D:1      | leavemydog the Deep Elf Conjurer began the quest for the
                  | Orb.
     0 | D:1      | Reached XP level 1. HP: 10/10 MP: 6/6
   109 | D:1      | Reached XP level 2. HP: 15/15 MP: 1/8
   112 | D:1      | Learned a level 2 spell: Searing Ray
   362 | D:1      | Found a faded altar of an unknown god.
   427 | D:1      | Reached skill level 5 in Conjurations
  1266 | D:2      | Reached XP level 3. HP: 19/19 MP: 4/9
  2100 | D:3      | Noticed Grinder
  2268 | D:3      | Paralysed by Grinder for 4 turns
  2280 | D:3      | Reached XP level 4. HP: 24/24 MP: 5/11
  2296 | D:2      | Learned a level 4 spell: Iskenderun's Mystic Blast
  2374 | D:3      | Killed Grinder
  2375 | D:3      | Reached skill level 5 in Spellcasting
  2375 | D:3      | Reached skill level 1 in Translocations
  2375 | D:3      | Reached XP level 5. HP: 6/28 MP: 0/14
  2375 | D:3      | Reached XP level 6. HP: 6/32 MP: 0/15
  4394 | D:4      | Found a shimmering blue altar of Sif Muna.
  4428 | D:4      | Identified the +1 sling of Ogiynamu {vorpal, Fragile rPois
                  | Int+5}
  4555 | D:4      | Found a stormy altar of Qazlal.
  4555 | D:4      | Noticed an air elemental
  4559 | D:4      | Noticed a fire elemental
  4559 | D:4      | Noticed a water elemental
  4853 | D:4      | Found a staircase to the Ecumenical Temple.
  4862 | Temple   | Entered the Ecumenical Temple
  4953 | D:5      | Entered Level 5 of the Dungeon
  4959 | D:5      | Learned a level 4 spell: Fulminant Prism
  5018 | D:5      | Reached XP level 7. HP: 36/36 MP: 11/18
  5087 | D:5      | Reached skill level 1 in Hexes
  5530 | D:5      | Noticed Edmund
  5537 | D:5      | Killed Edmund
  5957 | D:5      | Reached XP level 8. HP: 27/41 MP: 10/21
  6221 | D:5      | Identified a scroll of acquirement
  6223 | D:5      | Acquired the ring of Hiheohou {rElec rCorr MP+9 Int+4
                  | Stlth+}
  6448 | D:6      | Found Lereca's Distillery.
  6452 | D:6      | Bought a potion of curing for 36 gold pieces
  6452 | D:6      | Bought a potion of heal wounds for 60 gold pieces
  7059 | D:6      | Found Wucweci's Distillery.
  7067 | D:6      | Bought a potion of heal wounds for 70 gold pieces
  7387 | D:6      | Reached XP level 9. HP: 45/45 MP: 24/24
  7462 | D:6      | Reached skill level 5 in Hexes
  7462 | D:6      | Reached skill level 5 in Translocations
  7682 | D:6      | Found a snail-covered altar of Cheibriados.
  7682 | D:6      | Found a hazy altar of Hepliaklqana.
  7682 | D:6      | Found a sparkling altar of Nemelex Xobeh.
  7699 | D:6      | Found an ancient bone altar of Kikubaaqudgha.
  7760 | D:6      | Found a burning altar of Makhleb.
  7800 | D:6      | Found a radiant altar of Vehumet.
  7809 | D:6      | Became a worshipper of Vehumet
  7927 | D:6      | Found a glowing golden altar of the Shining One.
  7927 | D:6      | Found a glowing silver altar of Zin.
  7927 | D:6      | Found a white marble altar of Elyvilon.
  8291 | D:7      | Found a shimmering altar of Xom.
  8296 | D:7      | Noticed Pikel
  8309 | D:7      | Killed Pikel
  8310 | D:7      | Reached skill level 10 in Spellcasting
  8310 | D:7      | Reached skill level 10 in Conjurations
  8597 | D:7      | Noticed Dowan
  8600 | D:7      | Noticed Duvessa
  8605 | D:7      | Killed Dowan
  8610 | D:7      | Killed Duvessa
  9188 | D:7      | Identified the +7 spear "Sukudaem" {vorpal, rC+ rCorr SInv}
  9376 | D:7      | Found a bloodstained altar of Trog.
  9595 | D:7      | Found an iron altar of Okawaru.
  9949 | D:8      | Reached * piety under Vehumet
  9949 | D:8      | Offered knowledge of Foxfire by Vehumet.
 10060 | D:8      | Reached XP level 10. HP: 47/50 MP: 26/27
 11362 | D:9      | Reached skill level 1 in Fighting
 11475 | D:9      | Found a hide-covered altar of Uskayaw.
 11559 | D:9      | Offered knowledge of Scorch by Vehumet.
 11826 | D:9      | Found a runed translucent gate.
 11831 | D:9      | Found a runed translucent gate.
 11831 | D:9      | Noticed a ten-headed hydra
 11831 | D:9      | Noticed vurker's ghost (novice MiAr)
 11832 | D:9      | Found a runed translucent gate.
 12505 | D:10     | Entered Level 10 of the Dungeon
 12505 | D:10     | Found a transporter.
 12508 | D:10     | Found a transporter.
 12602 | D:10     | Noticed Maurice
 12605 | D:10     | Noticed Josephine
 12607 | D:10     | Found a runed translucent gate.
 12607 | D:10     | Found a runed translucent gate.
 12609 | D:10     | Noticed Zappman123's ghost (journeyman FoHW)
 12613 | D:10     | Found a runed translucent gate.
 12619 | D:10     | Killed Maurice
 12688 | D:10     | Killed Josephine
 12689 | D:10     | Reached XP level 11. HP: 43/58 MP: 30/30
 12703 | D:10     | Reached ** piety under Vehumet
 12865 | D:10     | Found a flagged portal.
 12875 | Bailey   | Entered a bailey
 12944 | Bailey   | Noticed an orc knight
 12948 | Bailey   | Learned a level 6 spell: Iron Shot
 12952 | Bailey   | Killed an orc knight
 13089 | Bailey   | Reached skill level 1 in Earth Magic
 13199 | Bailey   | Found a large runed translucent door.
 13199 | Bailey   | Found a large runed translucent door.
 13199 | Bailey   | Noticed a deep elf pyromancer
 13256 | Bailey   | Killed a deep elf pyromancer
 13419 | D:10     | Found Kudatamatt's Jewellery Boutique.
 13426 | D:10     | Found a transporter.
 13428 | D:10     | Found a transporter.
 13554 | D:10     | Found a transporter.
 13556 | D:10     | Found a transporter.
 13595 | D:10     | Offered knowledge of Frozen Ramparts by Vehumet.
 14080 | D:11     | Learned a level 3 spell: Dazzling Flash
 14084 | D:11     | Found Qont's Magic Scroll Boutique.
 14086 | D:11     | Noticed a boulder beetle
 14139 | D:11     | Reached *** piety under Vehumet
 14391 | D:11     | Offered knowledge of Mephitic Cloud by Vehumet.
 14530 | D:11     | Noticed a six-headed hydra
 14544 | D:11     | Killed a six-headed hydra
 14599 | D:11     | Reached skill level 5 in Earth Magic
 14771 | D:11     | Found a staircase to the Orcish Mines.
 14852 | D:11     | Found a staircase to the Lair.
 15112 | D:11     | Reached skill level 5 in Fighting
 15288 | D:12     | Reached XP level 12. HP: 68/68 MP: 31/31
 15363 | D:12     | Reached **** piety under Vehumet
 15395 | D:12     | Noticed a seven-headed hydra
 15399 | D:12     | Killed a seven-headed hydra
 15401 | D:12     | Noticed a boulder beetle
 15414 | D:12     | Killed a boulder beetle
 15594 | D:12     | Noticed a two-headed ogre
 15596 | D:12     | Killed a two-headed ogre
 15763 | D:12     | Offered knowledge of Fireball by Vehumet.
 15806 | D:12     | Learned a level 5 spell: Fireball
 15825 | D:12     | Noticed an eight-headed hydra
 15828 | D:12     | Killed an eight-headed hydra
 15849 | D:12     | Reached skill level 1 in Fire Magic
 15969 | D:12     | Found Zeathrere's Magic Scroll Shoppe.
 15977 | D:12     | Bought a scroll of identify for 30 gold pieces
 15977 | D:12     | Bought a scroll of identify for 30 gold pieces
 15977 | D:12     | Bought a scroll of teleportation for 45 gold pieces
 15977 | D:12     | Bought a scroll of blinking for 112 gold pieces
 16403 | D:12     | Reached skill level 5 in Dodging
 16582 | D:11     | Killed a boulder beetle
 16585 | D:11     | Bought a scroll of teleportation for 33 gold pieces
 16585 | D:11     | Bought a scroll of identify for 22 gold pieces
 16585 | D:11     | Bought a scroll of blinking for 82 gold pieces
 16585 | D:11     | Bought a scroll of blinking for 82 gold pieces
 16585 | D:11     | Bought a scroll of identify for 22 gold pieces
 16585 | D:11     | Bought a scroll of teleportation for 33 gold pieces
 16585 | D:11     | Bought a scroll of blinking for 82 gold pieces
 16587 | D:11     | Gained mutation: You are dopey. (Int -2) [potion of
                  | mutation]
 16587 | D:11     | Lost mutation: You are dopey. (Int -2) [potion of mutation]
 16587 | D:11     | Gained mutation: You are frail. (-10% HP) [potion of
                  | mutation]
 16587 | D:11     | Gained mutation: You expend magic power (3 MP) to
                  | strengthen your wands. [potion of mutation]
 16588 | D:11     | Lost mutation: You are frail. (-10% HP) [potion of
                  | mutation]
 16588 | D:11     | Lost mutation: You expend magic power (3 MP) to strengthen
                  | your wands. [potion of mutation]
 16588 | D:11     | Gained mutation: You are frail. (-10% HP) [potion of
                  | mutation]
 16588 | D:11     | Gained mutation: Your magical capacity is low. (-10% MP)
                  | [potion of mutation]
 16588 | D:11     | Gained mutation: You are agile. (Dex +4, Str/Int -1)
                  | [potion of mutation]
 16867 | D:13     | Noticed Rupert
 16881 | D:13     | Killed Rupert
 16884 | D:13     | Reached skill level 10 in Earth Magic
 17057 | D:13     | Found a gate to the Vaults.
 17103 | D:13     | Reached XP level 13. HP: 41/67 MP: 25/29
 17248 | D:13     | Found a broken altar of Ashenzari.
 18311 | D:14     | Mangled by a boulder beetle

Illustrated notes

Levels and vault maps discovered:
D:1:      ncdulo_wetmaze, layout_loops_ring, ebering_ecumenical_altar_rust
D:2:      layout_rooms, grunt_ministairs_3
D:3:      layout_rooms, uniq_grinder
D:4:      layout_basic, nicolae_qazlal_style_of_elements, lemuel_crystal_altar,
          temple_hall, kennysheep_nub
D:5:      layout_basic, dreamdust_gnoll_farm, uniq_edmund
D:6:      layout_basic, grunt_temple_overflow_lords_of_destruction,
          dreamdust_divine_triumvirate, grunt_temple_overflow_cloverleaf,
          serial_shops, shop, shop
D:7:      layout_basic, old_standard_altar, grunt_temple_overflow_bloody_war,
          nrook_uturn, uniq_pikel, uniq_duvessa
D:8:      old_forge, layout_loops_ring, lemuel_flamethrower_2
D:9:      layout_basic, mainiacjoe_overflow_surrounded_room,
          gammafunk_ghost_hydra_chop
D:10:     layout_basic, serial_shops, shop, gammafunk_ghost_spectres,
          enter_bailey_3, nicolae_wwwww, minmay_misc_feat_cross,
          kennysheep_doodads, serial_nicolae_subway,
          nicolae_sub_station_crystal, nicolae_sub_station_stone,
          nicolae_sub_station_metal, uniq_josephine, uniq_maurice
D:11:     layout_small_grid, erik_lair_island,
          kennysheep_orc_monster_closet_entryway, grunt_decor_resistance,
          nicolae_take_the_stairs
D:12:     layout_grid_maze, serial_shops, shop
D:13:     layout_basic, david_vaults_3, nicolae_ashenzari_panopticon
D:14:     layout_irregular_city, serial_glass, glass_columns_a, glass_columns_a,
          unseen_surprise_small, minmay_misc_feat_rows,
          kennysheep_generic_room_11
Temple:   nicolae_temple_ecumenical_triangle

Skill      XL: |  1  2  3  4  5  6  7  8  9 10 11 12 13 |
---------------+----------------------------------------+-----
Conjurations   | 5 6 7 8 9 10 11 13 | 13.0
Spellcasting   | 5 6 7 9 11 13 | 13.8
Translocations | 1 2 3 4 6 7 |  7.7
Hexes          | 2 4 6 7 |  7.0
Fighting       | 2 5 6 |  6.7
Earth Magic    | 6 10 11 | 11.3
Dodging        | 5 6 |  6.2
Fire Magic     | 3 4 |  4.3
Stealth        | |  2.4

Action                   |  1- 3 |  4- 6 |  7- 9 | 10-12 | 13-15 || total
-------------------------+-------+-------+-------+-------+-------++-------
Melee: Dagger            |       |     5 |       |       |       ||     5
       Staff             |       |       |       |     5 |       ||     5
       Punch             |       |       |       |     1 |       ||     1
 Cast: Magic Dart        |    73 |    92 |   214 |   309 |    35 ||   723
       Searing Ray       |     5 |    10 |    40 |    44 |     1 ||   100
       Iskenderun's Myst |       |       |     7 |    41 |     4 ||    52
       Fulminant Prism   |       |       |     7 |    28 |       ||    35
       Iron Shot         |       |       |       |    65 |    16 ||    81
       Fireball          |       |       |       |     8 |     9 ||    17
  Use: Scroll            |     4 |     2 |     4 |    14 |     1 ||    25
       Potion            |       |       |       |     3 |       ||     3
Armor: Robe              |     1 |     3 |     6 |       |       ||    10
       Steam dragon scal |       |       |       |    30 |     1 ||    31
Dodge: Dodged            |     3 |    15 |    52 |    70 |     7 ||   147

Table legend: (Time is in decaauts)
 A = Elapsed time spent in this place.
 B = Non-inter-level travel time spent in this place.
 C = Inter-level travel time spent in this place.
 D = Time resting spent in this place.
 E = Time spent auto-exploring this place.
 F = Levels seen in this place.
 G = Mean time per level.
                   A        B        C        D        E       F      G
               +--------+--------+--------+--------+--------+-----+--------+
         Total |  18331 |  17645 |    686 |   5489 |   9908 |  16 | 1145.7 |
       Dungeon |  17760 |  17081 |    679 |   5246 |   9792 |  14 | 1268.6 |
        Temple |     43 |     36 |      7 |      0 |     32 |   1 |   43.0 |
        Bailey |    527 |    527 |      0 |    243 |     84 |   1 |  527.0 |
               +--------+--------+--------+--------+--------+-----+--------+

Top non-repeatable levels by time:
     D:6: 2007 daAuts
     D:4: 1874 daAuts
     D:8: 1697 daAuts
    D:13: 1433 daAuts
     D:9: 1389 daAuts
    D:12: 1326 daAuts
     D:5: 1323 daAuts
     D:7: 1236 daAuts
    D:11: 1236 daAuts
     D:2: 1141 daAuts
     D:1: 1044 daAuts
    D:10: 945 daAuts
     D:3: 855 daAuts
  Bailey: 527 daAuts
    D:14: 249 daAuts
